 Dungeon Crawl Stone Soup version 0.29-a0-1047-g7c58e119a4 (webtiles) character file.

Game seed: 7375103032032700231

1799 ytrimaz the Martial Artist (level 8, -1/54 HPs)
             Began as a Demonspawn Transmuter on Aug 16, 2022.
             Was an Initiate of Gozag.
             Killed from afar by an orc wizard (8 damage)
             ... with a puff of flame
             ... on level 6 of the Dungeon.
             The game lasted 00:06:09 (6874 turns).

ytrimaz the Martial Artist (Demonspawn Transmuter)  Turns: 6874, Time: 00:06:10

Health: -1/54      AC: 12    Str: 23    XL:     8   Next: 83%
Magic:  11/11      EV:  6    Int: 19    God:    Gozag
Gold:   231        SH:  0    Dex: 13    Spells: 5/11 levels left

rFire   . . .      SeeInvis .     - Unarmed
rCold   . . .      Faith    .   (no shield)
rNeg    . . .      Spirit   .   d - +1 plate armour
rPois   .          Reflect  .   (no helmet)
rElec   .          Harm     .   (no cloak)
rCorr   .          Rampage  .   (no gloves)
Will    .....                   u - +0 pair of boots
Stlth   ..........              (no amulet)
HPRegen 0.18/turn               e - +6 ring of strength
MPRegen 0.12/turn               n - +6 ring of strength

@: about to teleport
A: spiny 1, big brain 1, condensation shield
a: Renounce Religion, Potion Petition, Call Merchant, Bribe Branch


You were on level 6 of the Dungeon.
You worshipped Gozag.
Gozag was aware of your devotion.
You visited 2 branches of the dungeon, and saw 7 of its levels.

You collected 313 gold pieces.
You paid 82 gold pieces to Gozag.

Inventory:

Missiles
 g - 5 boomerangs of dispersal
 r - 2 throwing nets
Armour
 a - a +0 robe
 d - a +1 plate armour (worn)
 u - a +0 pair of boots (worn)
Jewellery
 e - a +6 ring of strength (left hand)
 j - a ring of fire
 n - a +6 ring of strength (right hand)
 q - a ring of ice
Wands
 h - a wand of roots (8)
 k - a wand of flame (20)
Scrolls
 f - 2 scrolls of enchant weapon
 l - a scroll of teleportation
 s - a scroll of enchant armour
Potions
 c - a potion of haste {unknown}
 m - a potion of invisibility
 o - 2 potions of degeneration {unknown}
 p - a potion of brilliance {unknown}


   Skills:
 - Level 1.0 Fighting
 - Level 1.7 Dodging
 - Level 0.2 Shields
 + Level 10.8 Unarmed Combat
 - Level 2.0 Spellcasting
 - Level 1.7 Transmutations


You had 5 spell levels left.
You knew the following spells:

 Your Spells              Type           Power      Damage    Failure   Level
a - Beastly Appendage     Tmut           16%        N/A       90%         1
b - Wereblood             Tmut           8%         N/A       97%         2
c - Spider Form           Tmut/Pois      5%         N/A       100%        3

Your spell library contained the following spells:

 Spells                   Type           Power      Damage    Failure   Level
 Ensorcelled Hibernation  Hex/Ice        2%         N/A       99%         2
 Anguish                  Hex/Necr       0%         N/A       100%        4
 Ice Form                 Ice/Tmut       5%         N/A       100%        4


Dungeon Overview and Level Annotations

Branches:
Dungeon (6/15)             Temple (1/1) D:5

Altars:
Ashenzari
Dithmenos
Gozag
Hepliaklqana
Kikubaaqudgha
Nemelex Xobeh
Okawaru
Qazlal
Ru
Sif Muna
Uskayaw
Vehumet
Wu Jian
Xom
Yredelemnul

Shops:
D:2 (


Innate Abilities, Weirdness & Mutations

You are partially covered in sharp spines.
You have an unusually large brain. (Int +2)
A meltable shield of frost defends you. (SH +0)


Message History

Prince Ribbit croaks regally.
Prince Ribbit hits you!
* * * LOW HITPOINT WARNING * * *
Prince Ribbit barely misses you.
Unknown command.
Unknown command.
Okay, then.
Blink to where?
Press: ? - help, Dir - move target
As you read the scroll of blinking, it crumbles to dust.
Prince Ribbit catches a blue-tailed skink with his tongue.
Aiming: Fastroot
Press: ? - help, Shift-Dir - straight line, f - Prince Ribbit
Aim: Prince Ribbit (almost dead)
The roots erupt in riotous growth!
Roots grab Prince Ribbit.
The grasping roots constrict Prince Ribbit.
You kill Prince Ribbit!
Prince Ribbit returns to his original shape as he dies.
Unknown command.
You start resting.
A necrophage is nearby!
A necrophage is nearby!
As you read the scroll of teleportation, it crumbles to dust.
You feel strangely unstable.
The necrophage is distracted by your dazzling golden aura.
Your surroundings suddenly seem different.
An orc, an orc priest and a yak come into view.
The orc shouts!
The orc priest shouts!
The yak bellows!
You hear a shout! x2
An orc wizard comes into view. It is wielding a +0 dagger.
An orc comes into view. It is wielding a +0 war axe.
The orc priest looks braver for a moment.
As you read the scroll of teleportation, it crumbles to dust.
You feel strangely unstable.
The orc wizard shouts!
You hear a bellow!
You hear a shout! x2
The orc wizard gestures at you while chanting.
The puff of flame hits you!
Your condensation shield dissipates!
You die...
Your body crumbles into a pile of gold.

.# .### ...
###.. #... #
#..#
#.#.#..###
#...@...#
...........#
#######..###
#..# #o.. $
$ #.##.


#Yo o .o# . You could see a yak, an orc priest, an orc wizard and 2 orcs.

Vanquished Creatures
  Prince Ribbit (D:6)
  A wyvern (D:4)
  2 water moccasins
  An ice beast (D:5)
  2 black bears (D:5)
  2 phantoms
  A kobold brigand (D:5)
  3 scorpions
  A necrophage (D:5)
  A jelly (D:5)
  A hound (D:5)
  5 iguanas
  3 orc wizards
  11 gnolls
  6 adders
  A shadow imp (D:6)
  An ufetubus (D:4)
  6 dart slugs
  5 orcs
  6 ball pythons
  6 endoplasms
  10 giant cockroaches
  7 goblins
  9 hobgoblins
  3 jackals (D:5)
  4 quokkas
  7 bats
  A frilled lizard (D:1)
  14 kobolds
  5 rats
126 creatures vanquished.

Vanquished Creatures (others)
  A bush (D:1)
1 creature vanquished.

Grand Total: 127 creatures vanquished

Notes
Turn   | Place    | Note
-------+----------+-------------------------------------------
     0 | D:1      | ytrimaz the Demonspawn Transmuter began the quest for the
                  | Orb.
     0 | D:1      | Reached XP level 1. HP: 15/15 MP: 3/3
   107 | D:1      | Reached skill level 3 in Unarmed Combat
   462 | D:1      | Gained mutation: You are partially covered in sharp spines.
                  | [demonic ancestry]
   462 | D:1      | Reached XP level 2. HP: 19/21 MP: 3/5
  1161 | D:1      | Gained mutation: A meltable shield of frost defends you.
                  | (SH +0) [demonic ancestry]
  1161 | D:1      | Reached XP level 3. HP: 26/26 MP: 6/6
  1169 | D:1      | You fall into a shaft and drop 1 floor!
  1251 | D:2      | Reached skill level 4 in Unarmed Combat
  1831 | D:2      | Found Kayr's Weapon Boutique.
  2028 | D:2      | Found a faded altar of an unknown god.
  2323 | D:3      | Reached XP level 4. HP: 23/32 MP: 5/7
  2523 | D:3      | Noticed a phantom
  2543 | D:3      | Killed a phantom
  2544 | D:3      | Reached skill level 5 in Unarmed Combat
  2544 | D:3      | Reached XP level 5. HP: 27/37 MP: 8/8
  2760 | D:3      | Found a stormy altar of Qazlal.
  3047 | D:3      | Learned a level 2 spell: Wereblood
  3051 | D:3      | Learned a level 3 spell: Spider Form
  3534 | D:4      | Found a broken altar of Ashenzari.
  3568 | D:4      | Reached skill level 6 in Unarmed Combat
  3695 | D:4      | Reached XP level 6. HP: 31/43 MP: 9/9
  4035 | D:4      | Noticed a wyvern
  4049 | D:4      | Killed a wyvern
  4055 | D:4      | Reached skill level 7 in Unarmed Combat
  4441 | D:4      | Reached XP level 7. HP: 48/48 MP: 10/10
  4634 | D:5      | Entered Level 5 of the Dungeon
  4746 | D:5      | Reached skill level 8 in Unarmed Combat
  4946 | D:5      | Found a staircase to the Ecumenical Temple.
  4969 | D:5      | Found a transporter.
  4975 | D:5      | Noticed a kobold demonologist
  5017 | D:5      | Found an ancient bone altar of Kikubaaqudgha.
  5023 | D:5      | Gained mutation: You have an unusually large brain. (Int
                  | +2) [demonic ancestry]
  5023 | D:5      | Reached XP level 8. HP: 45/54 MP: 11/11
  5024 | D:5      | Reached skill level 9 in Unarmed Combat
  5024 | D:5      | Found an opulent altar of Gozag.
  5463 | D:5      | Found a transporter.
  5904 | D:5      | Found a sparkling altar of Nemelex Xobeh.
  6219 | Temple   | Entered the Ecumenical Temple
  6423 | D:5      | Noticed a hellwing
  6433 | D:5      | HP: 3/81 [hellwing[a kobold demonologist] (12)]
  6435 | D:5      | HP: 1/81 [shadow imp[a kobold demonologist] (2)]
  6717 | D:5      | Became a worshipper of Gozag Ym Sagoz the Greedy
  6805 | D:6      | Reached skill level 10 in Unarmed Combat
  6850 | D:6      | Noticed Prince Ribbit
  6862 | D:6      | Killed Prince Ribbit
  6874 | D:6      | Killed from afar by an orc wizard

Illustrated notes

Levels and vault maps discovered:
D:1:      dpeg_arrival_round_b, layout_loops_ring, minmay_hedge_maze,
          minmay_cupped
D:2:      layout_basic, serial_shops, nicolae_shop_bloodbath_and_beyond,
          chequers_ecumenical_altar_twisty, minmay_misc_feat_x
D:3:      layout_basic, nicolae_qazlal_scattered_showers,
          mainiacjoe_overflow_concentric_impassable, serial_rivers,
          chequers_serial_rivers_small_a, chequers_serial_rivers_micro_d,
          chequers_serial_rivers_room_a, chequers_serial_rivers_small_b
D:4:      layout_rooms, mainiacjoe_overflow_tiny_flanked
D:5:      gammafunk_wand_slinger, layout_layer_cave, kennysheep_mini,
          jmf_multi_god_temple, minmay_temple_entry_butterflies
D:6:      layout_loops_ring, general_overflow_altar, biasface_ghost_orc_armoury,
          minmay_misc_feat_hallway, uniq_prince_ribbit1
Temple:   hellmonk_temple_flake

Skill      XL: |  1  2  3  4  5  6  7  8 |
---------------+-------------------------+-----
Unarmed Combat | 3 4 5 6 7 8 10 | 10.8
Fighting       | |  1.0
Dodging        | |  1.7
Shields        | |  0.2
Spellcasting   | |  2.0
Transmutations | |  1.7

Action                   |  1- 3 |  4- 6 |  7- 9 || total
-------------------------+-------+-------+-------++-------
Melee: Unarmed           |   189 |   100 |   124 ||   413
       Kick              |     4 |       |       ||     4
       Headbutt          |     2 |       |       ||     2
       Punch             |     5 |     6 |     4 ||    15
 Cast: Beastly Appendage |     6 |       |       ||     6
Evoke: Wand              |       |       |     1 ||     1
  Use: Scroll            |     4 |     2 |     5 ||    11
       Potion            |       |     3 |     3 ||     6
 Stab: Invisible         |       |       |     1 ||     1
Armor: Robe              |     5 |       |       ||     5
       Plate armour      |    95 |    50 |    62 ||   207
       Skin              |       |    22 |    11 ||    33
Dodge: Dodged            |    20 |    23 |    24 ||    67
Block: Other             |    14 |    17 |    20 ||    51

Table legend: (Time is in decaauts)
 A = Elapsed time spent in this place.
 B = Non-inter-level travel time spent in this place.
 C = Inter-level travel time spent in this place.
 D = Time resting spent in this place.
 E = Time spent auto-exploring this place.
 F = Levels seen in this place.
 G = Mean time per level.
                   A        B        C        D        E       F      G
               +--------+--------+--------+--------+--------+-----+--------+
         Total |   6834 |   6540 |    294 |    400 |   5163 |   7 |  976.3 |
       Dungeon |   6671 |   6381 |    290 |    400 |   5033 |   6 | 1111.8 |
        Temple |    163 |    159 |      4 |      0 |    130 |   1 |  163.0 |
               +--------+--------+--------+--------+--------+-----+--------+

Top non-repeatable levels by time:
     D:5: 1990 daAuts
     D:3: 1360 daAuts
     D:1: 1162 daAuts
     D:4: 1128 daAuts
     D:2: 960 daAuts
  Temple: 163 daAuts
     D:6: 69 daAuts
